 Dungeon Crawl Stone Soup version 0.27-a0-789-g6bb3289e1e (webtiles) character file.

Game seed: 9859470051731313128

341 rageheart7 the Skirmisher (level 6, -10/58 HPs)
             Began as a Hill Orc Abyssal Knight on Mar 26, 2021.
             Was a Believer of Lugonu.
             Killed from afar by an orc wizard (11 damage)
             ... with a puff of flame
             ... on level 4 of the Dungeon.
             The game lasted 00:04:09 (3526 turns).

rageheart7 the Skirmisher (Hill Orc Abyssal Knight) Turns: 3526, Time: 00:04:10

Health: -10/58     AC:  4    Str: 17    XL:     6   Next: 56%
Magic:  7/7        EV: 11    Int: 12    God:    Lugonu [**....]
Gold:   190        SH:  0    Dex: 10    Spells: 5/5 levels left

rFire    . . .     SeeInvis .   e - +1 short sword (venom)
rCold    . . .     Faith    .   (no shield)
rNeg     . . .     Spirit   .   b - +0 leather armour
rPois    .         Reflect  .   (no helmet)
rElec    .         Harm     .   (no cloak)
rCorr    .         Rampage  .   (no gloves)
Will     .....                  h - +0 pair of boots
Stlth    +.........             (no amulet)
HPRegen  0.19/turn              (no ring)
MPRegen  0.10/turn              (no ring)

@: lethally poisoned (-10 -> -13)
A: no striking features
a: Renounce Religion, Depart the Abyss, Bend Space


You were on level 4 of the Dungeon.
You worshipped Lugonu.
Lugonu was pleased with you.
You visited 1 branch of the dungeon, and saw 4 of its levels.
You visited the Abyss 1 time.

You collected 190 gold pieces.

Inventory:

Hand Weapons
 a - a +1 hand axe
 e - a +1 short sword of venom (weapon)
Armour
 b - a +0 leather armour (worn)
 h - a +0 pair of boots (worn)
Scrolls
 c - 2 scrolls of teleportation
 d - a scroll of brand weapon {unknown}
 g - a scroll of enchant weapon {unknown}
 i - a scroll of fear
 k - a scroll of identify
Potions
 f - a potion of magic {unknown}
 j - 2 potions of curing


   Skills:
 * Level 6.6 Fighting
 * Level 6.5 Axes
 - Level 2.1 Armour
 - Level 0.7 Dodging
 - Level 2.4 Invocations


You had 5 spell levels left.
You didn't know any spells.
Your spell library contained the following spells:

 Spells                   Type           Power      Damage    Failure   Level
 Animate Skeleton         Necr           0%         N/A       36%         1
 Apportation              Tloc           0%         N/A       36%         1
 Corona                   Hex            0%         N/A       36%         1
 Summon Small Mammal      Summ           0%         N/A       36%         1


Dungeon Overview and Level Annotations

Branches:
Dungeon (4/15)
 Temple: D:4-7

Altars:
Fedhas

Shops:
D:1 :   D:2 :


Message History

You barely miss the orc.
The orc wizard shouts!
You hear a shout!
The orc priest calls down the wrath of Beogh upon you.
You barely resist. The orc misses you.
You hit the orc but do no damage.
The kobold hits you with a +1 short sword of venom.
You are poisoned.
You barely miss the kobold.
You feel very sick. The orc hits you with a +0 whip.
The kobold closely misses you.
You closely miss the orc priest.
You feel sick.
The orc priest hits you with a +0 flail!
The orc barely misses you. The kobold hits you but does no damage.
You are more poisoned.
The orc priest shouts, "Beogh is our master!
Accept the truth or die!"
You hit the orc priest.
The orc priest is poisoned.
The orc priest is lightly wounded.
You feel extremely sick.
The orc priest hits you with a +0 flail!
The orc barely misses you. The kobold closely misses you.
You hit the orc priest.
The orc priest looks as sick as possible!
The orc priest is moderately wounded.
You feel sick. The orc hits you with a +0 whip.
* * * LOW HITPOINT WARNING * * *
The kobold hits you with a +1 short sword of venom.
* * * LOW HITPOINT WARNING * * *
You are more poisoned.
The orc priest hits you with a +0 flail.
* * * LOW HITPOINT WARNING * * *
The orc barely misses you.
You puncture the orc priest!
You kill the orc priest!
Lugonu accepts your kill.
* * * LOW HITPOINT WARNING * * *
You feel extremely sick. The kobold closely misses you.
The orc wizard gestures at you while chanting.
The puff of flame hits you!
You die...

##........## #......
##..........# #......
##...........## #......
##....###......###......
##.).#####.......#.......
#######...## #................
.........## ##................
.........# ##...###.....##...#
........## ##)@o## #....(##...#
.........###.Ko## #.....##...#
..............## ##.....###>.#
.............## ##.......#...#
............## ##...###.......
............# ##...## ##......
............####...## ##.......
........o..o......## ##........
...............).#####.........


You could see 2 orc wizards, an orc and a kobold.

Vanquished Creatures
  Eustachio (D:4)
  A bullfrog (D:3)
  A hound (D:4)
  An orc priest (D:4)
  4 gnolls (D:2)
  An adder (D:2)
  6 bats
  4 endoplasms
  3 giant cockroaches
  3 goblins
  6 hobgoblins
  2 jackals (D:1)
  7 kobolds
  2 quokkas
  4 ball pythons
  2 frilled lizards (D:1)
  3 rats
51 creatures vanquished.

Notes
Turn   | Place    | Note
-------+----------+-------------------------------------------
     0 | Abyss:1  | rageheart7 the Hill Orc Abyssal Knight began the quest for
                  | the Orb.
     0 | Abyss:1  | Reached XP level 1. HP: 19/19 MP: 2/2
    75 | Abyss:1  | Noticed a tentacled starspawn
    76 | D:1      | Escaped the Abyss
   186 | D:1      | Found Cemm's Book Boutique.
   231 | D:1      | Reached XP level 2. HP: 26/27 MP: 3/3
   310 | D:1      | Reached * piety under Lugonu
   876 | D:1      | Reached XP level 3. HP: 10/34 MP: 4/4
  1372 | D:2      | Found Noipniv's Book Shoppe.
  1528 | D:2      | Reached XP level 4. HP: 24/41 MP: 5/5
  1538 | D:2      | Reached skill level 5 in Fighting
  1854 | D:2      | Found a blossoming altar of Fedhas.
  2653 | D:3      | Reached ** piety under Lugonu
  3006 | D:4      | Noticed a bullfrog
  3022 | D:3      | Killed a bullfrog
  3023 | D:3      | Reached skill level 5 in Axes
  3023 | D:3      | Reached XP level 5. HP: 40/50 MP: 6/6
  3176 | D:4      | Noticed Eustachio
  3210 | D:4      | Killed Eustachio
  3211 | D:4      | Reached XP level 6. HP: 11/58 MP: 7/7
  3526 | D:4      | HP: 1/58 [poisoned by a kobold]
  3526 | D:4      | Killed from afar by an orc wizard

Illustrated notes

Levels and vault maps discovered:
D:1:      dpeg_arrival_houses_and_road, layout_rooms, serial_shops,
          nicolae_shop_trees
D:2:      layout_basic, fedhas_altar_fruit_tree, serial_shops, shop
D:3:      cheibrodos_helix_gallery, layout_basic
D:4:      layout_layer_cave, chei_slow_surprise, uniq_menkaure, uniq_eustachio

Skill      XL: |  1  2  3  4  5 |
---------------+----------------+-----
Axes           | 3 4 5 6 |  6.5
Fighting       | 4 5 6 |  6.6
Armour         | |  2.1
Dodging        | |  0.7
Invocations    | |  2.4

Action                   |  1- 3 |  4- 6 || total
-------------------------+-------+-------++-------
Melee: Hand axe          |    17 |       ||    17
       Short sword       |    73 |    77 ||   150
Invok: Depart the Abyss  |     1 |       ||     1
  Use: Potion            |     3 |     3 ||     6
       Scroll            |     1 |     3 ||     4
Armor: Leather armour    |    41 |    36 ||    77
       Skin              |       |    34 ||    34
Dodge: Dodged            |    85 |    78 ||   163

Table legend: (Time is in decaauts)
 A = Elapsed time spent in this place.
 B = Non-inter-level travel time spent in this place.
 C = Inter-level travel time spent in this place.
 D = Time resting spent in this place.
 E = Time spent auto-exploring this place.
 F = Levels seen in this place.
 G = Mean time per level.
                   A        B        C        D        E       F      G
               +--------+--------+--------+--------+--------+-----+--------+
         Total |   3545 |   3419 |    126 |    619 |   2389 |   5 |  709.0 |
       Dungeon |   3469 |   3343 |    126 |    619 |   2314 |   4 |  867.2 |
         Abyss |     76 |     76 |      0 |      0 |     75 |   1 |   76.0 |
               +--------+--------+--------+--------+--------+-----+--------+

Top non-repeatable levels by time:
     D:1: 1132 daAuts
     D:3: 1045 daAuts
     D:2: 765 daAuts
     D:4: 525 daAuts
 Abyss:1: 76 daAuts
